 Dungeon Sprint DCSS version 0.29-a0-284-gf9362112df (webtiles) character file.

Game seed: 176377663701361970

3301 mhtbhm the Cleaver (level 10, -4/81 HPs)
             Began as an Octopode Berserker on Apr 1, 2022.
             Was an Elder of Trog.
             Asphyxiated
             ... in the Dungeon (Sprint I: "Red Sonja").
             The game lasted 00:01:47 (1386 turns).

mhtbhm the Cleaver (Octopode Berserker)             Turns: 1386, Time: 00:01:48

Health: -4/81      AC:  1    Str: 21    XL:     10   Next: 1%
Magic:  10/10      EV: 17    Int: 10    God:    Trog [****..]
Gold:   727        SH:  0    Dex: 11    Spells: 9/9 levels left

rFire   . . .      SeeInvis .   a - +0 hand axe
rCold   . . .      Faith    .   (no shield)
rNeg    . . .      Spirit   .   (helmet restricted)
rPois   .          Reflect  .   (no amulet)
rElec   .          Harm     .   (no ring)
rCorr   .          Rampage  .   (no ring)
Will    .....      NoTele   +   (no ring)
Stlth   +++++.....              (no ring)
HPRegen 0.23/turn               (no ring)
MPRegen 0.12/turn               (no ring)
                                (no ring)
                                (no ring)

@: lethally poisoned (-4 -> -16), on berserk cooldown, slowed, very slow
A: almost no armour, amphibious, 8 rings, camouflage 1, gelatinous body 1,
(nimble swimmer 1), tentacles
a: Renounce Religion, Berserk, Trog's Hand, Brothers in Arms


You were in the Dungeon.
You worshipped Trog.
Trog was greatly pleased with you.
You visited 1 branch You collected 727 gold pieces.

Inventory:

Hand Weapons
 a - a +0 hand axe (weapon)
 k - a +1 morningstar of holy wrath
Missiles
 i - 4 boomerangs of dispersal (quivered)
Wands
 h - a wand of digging (5)
Scrolls
 g - a scroll of blinking
 j - a scroll of identify {unknown}
Potions
 b - a potion of invisibility {unknown}
 c - a potion of heal wounds
 d - a potion of haste
 e - 2 potions of magic
 f - a potion of berserk rage


   Skills:
 + Level 12.7 Fighting
 + Level 14.4 Axes
 + Level 11.7 Dodging
 + Level 8.7 Stealth


You had 9 spell levels left.
You didn't know any spells.
Your spell library was empty.

Dungeon Overview and Level Annotations

Branches:
Dungeon (1/1)

Altars:
Cheibriados
Dithmenos
Elyvilon
Fedhas
Gozag
Hepliaklqana
Kikubaaqudgha
Makhleb
Nemelex Xobeh
Okawaru
Qazlal
Ru
Sif Muna
Trog
Uskayaw
Vehumet
Wu Jian
Xom
Yredelemnul
Zin
The Shining One
Jiyva
Lugonu

Shops:
D :[

Annotations:
D Sonja


Innate Abilities, Weirdness & Mutations

You cannot wear most types of armour.
You are amphibious.
You can wear up to eight rings at the same time.
Your skin changes colour to match your surroundings (Stealth+).
Your rubbery body absorbs attacks. (AC +1, EV +1)
((You are camouflaged when in or above water. (Stealth+)))
You have tentacles for arms and can constrict up to eight enemies at once.


Message History

You are too injured to fight recklessly!
You are too injured to fight recklessly!
You are too injured to fight recklessly!
You completely miss Sonja. Your grab misses Sonja.
Sonja is heavily wounded.
Sonja hits you with a +2 short sword of distortion!
Space warps horribly around you!
* * * LOW HITPOINT WARNING * * *
Sonja hits you with a +2 short sword of distortion!
* * * LOW HITPOINT WARNING * * *
Space warps around you.
* * * LOW HITPOINT WARNING * * *
Sonja hits you with a +2 short sword of distortion.
* * * LOW HITPOINT WARNING * * *
Unknown command.
Press: ? - help, v - describe, . - travel
Here: Sonja, wielding a +2 short sword of distortion and quivering curare-tipped darts (heavily wounded)
The floor, spattered with blood.
Unknown command.
You hit Sonja. Your grab misses Sonja.
Your tentacle-slap misses Sonja.
Your squeeze misses Sonja.
Sonja is heavily wounded.
Unknown command.
You miss Sonja. Your grab misses Sonja.
Sonja is heavily wounded.
Sonja gestures wildly while chanting.
Sonja blinks!
Unknown command.
You slam the door shut with a bang!
You feel a strong urge to attack something.
You now have 727 gold pieces (gained 27).
You are no longer berserk.
You are exhausted.
You feel yourself slow down.
Your ogre goes berserk!
Sonja breaks down the door.
Sonja throws a curare-tipped dart.
The curare-tipped dart hits you.
You are lethally poisoned!
You have difficulty breathing.
You die...

#..#####'#####'#__####...+
#..####..#...#)####§§#####
#..#__####..##.#§≈≈.§#
#..#_____##'#_.§§§§§.+
#⌠⌠#_.∩...'.§§_#§§≈§.#
####_..__##_.#'##'####
#_____###+#.#§§..###
#########O####'###.##
+@.$K.....':∩#
#$.$########## ##.## #+#


You could see Sonja and a friendly ogre (summoned, berserk).

Vanquished Creatures
  2 centaur warriors (D)
  A deep troll (D)
  A lindwurm (D)
  2 kobold demonologists (D)
  A slime creature (D)
  Sigmund (D)
  A yak (D)
  A floating eye (D)
  An ogre (D)
  A jelly (D)
  Ijyb (D)
13 creatures vanquished.

Notes
Turn   | Place    | Note
-------+----------+-------------------------------------------
     0 | D        | mhtbhm the Octopode Berserker began the quest for the Orb.
     0 | D        | Reached XP level 1. HP: 16/16 MP: 1/1
     1 | D        | Noticed Ijyb
    10 | D        | Killed Ijyb
    11 | D        | Reached skill level 4 in Axes
    11 | D        | Reached XP level 2. HP: 18/23 MP: 2/2
    11 | D        | Reached XP level 3. HP: 21/27 MP: 3/3
   139 | D        | Noticed an ogre
   143 | D        | Killed an ogre
   144 | D        | Reached skill level 6 in Axes
   144 | D        | Reached XP level 4. HP: 36/36 MP: 4/4
   196 | D        | Noticed Sigmund
   202 | D        | Killed Sigmund
   202 | D        | Reached ** piety under Trog
   203 | D        | Reached skill level 8 in Axes
   203 | D        | Reached skill level 1 in Stealth
   203 | D        | Reached XP level 5. HP: 44/44 MP: 5/5
   203 | D        | Reached XP level 6. HP: 50/50 MP: 6/6
   257 | D        | Found an ornate altar of the Wu Jian Council.
   257 | D        | Found a shimmering blue altar of Sif Muna.
   259 | D        | Found a radiant altar of Vehumet.
   397 | D        | Found Tecol's Book Emporium.
   397 | D        | Found an ancient bone altar of Kikubaaqudgha.
   397 | D        | Found a hazy altar of Hepliaklqana.
   397 | D        | Found a stormy altar of Qazlal.
   397 | D        | Found a hide-covered altar of Uskayaw.
   397 | D        | Found a blossoming altar of Fedhas.
   397 | D        | Found a bloodstained altar of Trog.
   397 | D        | Found an iron altar of Okawaru.
   397 | D        | Found a basalt altar of Yredelemnul.
   397 | D        | Found a glowing golden altar of the Shining One.
   397 | D        | Found a snail-covered altar of Cheibriados.
   397 | D        | Found a sacrificial altar of Ru.
   397 | D        | Found a glowing silver altar of Zin.
   397 | D        | Found a shadowy altar of Dithmenos.
   397 | D        | Found a white marble altar of Elyvilon.
   397 | D        | Noticed a yak
   398 | D        | Found an opulent altar of Gozag.
   408 | D        | Killed a yak
   409 | D        | Reached skill level 9 in Axes
   409 | D        | Reached XP level 7. HP: 27/56 MP: 7/7
   409 | D        | Found a sparkling altar of Nemelex Xobeh.
   579 | D        | Found a burning altar of Makhleb.
   579 | D        | Found a viscous altar of Jiyva.
   579 | D        | Found a shimmering altar of Xom.
   579 | D        | Found a corrupted altar of Lugonu.
   579 | D        | Noticed a slime creature
   593 | D        | Killed a slime creature
   783 | D        | Noticed a kobold demonologist
   783 | D        | Noticed a kobold demonologist
   784 | D        | Noticed an ice devil
   786 | D        | Reached *** piety under Trog
   787 | D        | Reached skill level 10 in Axes
   790 | D        | Killed a kobold demonologist
   791 | D        | Reached skill level 10 in Fighting
   791 | D        | Reached skill level 5 in Stealth
   791 | D        | Reached XP level 8. HP: 64/64 MP: 8/8
   792 | D        | Noticed a smoke demon
   799 | D        | Killed a kobold demonologist
   799 | D        | Reached **** piety under Trog
   800 | D        | Reached skill level 11 in Axes
   800 | D        | Reached skill level 10 in Dodging
   967 | D        | Noticed a lindwurm
   977 | D        | Killed a lindwurm
   978 | D        | Reached skill level 12 in Axes
  1032 | D        | Noticed a centaur warrior
  1032 | D        | Noticed a centaur warrior
  1043 | D        | Killed a centaur warrior
  1044 | D        | Reached skill level 13 in Axes
  1044 | D        | Reached XP level 9. HP: 39/73 MP: 9/9
  1046 | D        | Killed a centaur warrior
  1047 | D        | Reached skill level 14 in Axes
  1276 | D        | Noticed a deep troll
  1285 | D        | Killed a deep troll
  1286 | D        | Reached XP level 10. HP: 81/81 MP: 10/10
  1292 | D        | Found Seacimur's Armour Emporium.
  1372 | D        | Noticed Sonja
  1386 | D        | Asphyxiated

Illustrated notes

Levels and vault maps discovered:
D:        dungeon_sprint_1 [red_sonja_temple_1, red_sonja_temple_small_1]

Skill      XL: |  1  2  3  4  5  6  7  8  9 |
---------------+----------------------------+-----
Fighting       | 4 6 7 8 10 11 12 | 12.7
Axes           | 4 6 8 9 10 13 14 | 14.4
Dodging        | 4 6 7 8 9 11 | 11.7
Stealth        | 1 2 5 7 8 |  8.7

Action                   |  1- 3 |  4- 6 |  7- 9 | 10-12 || total
-------------------------+-------+-------+-------+-------++-------
Melee: Hand axe          |    10 |    17 |    46 |     6 ||    79
       Tentacles         |     2 |     7 |    14 |       ||    23
       Constrict         |     1 |     1 |     2 |       ||     4
       Punch             |       |       |     2 |       ||     2
Invok: Berserk           |     2 |     1 |     5 |     1 ||     9
       Brothers in Arms  |       |       |       |     1 ||     1
Evoke: Wand              |       |       |     1 |       ||     1
  Use: Potion            |       |     1 |       |       ||     1
 Stab: Sleeping          |       |     1 |     1 |     1 ||     3
Armor: Skin              |       |       |     5 |       ||     5
Dodge: Dodged            |     1 |     8 |    40 |     5 ||    54

Table legend: (Time is in decaauts)
 A = Elapsed time spent in this place.
 B = Non-inter-level travel time spent in this place.
 C = Inter-level travel time spent in this place.
 D = Time resting spent in this place.
 E = Time spent auto-exploring this place.
 F = Levels seen in this place.
 G = Mean time per level.
                   A        B        C        D        E       F      G
               +--------+--------+--------+--------+--------+-----+--------+
         Total |   1448 |   1448 |      0 |   1144 |      1 |   1 | 1448.0 |
       Dungeon |   1448 |   1448 |      0 |   1144 |      1 |   1 | 1448.0 |
               +--------+--------+--------+--------+--------+-----+--------+

Top non-repeatable levels by time:
       D: 1448 daAuts
